 Dungeon Crawl Stone Soup version 0.27.0-1-g7a089689b8 (webtiles) character file.

Game seed: 2946378640026493933

57 fiver49 the Cutter (level 4, 0/28 HPs)
             Began as a Kobold Fighter on Aug 3, 2021.
             Slain by Robin (4 damage)
             ... on level 2 of the Dungeon.
             The game lasted 00:02:11 (1542 turns).

fiver49 the Cutter (Kobold Fighter)                 Turns: 1542, Time: 00:02:12

Health: 0/28       AC:  6    Str: 14    XL:     4   Next: 18%
Magic:  4/4        EV: 10    Int:  9    God:
Gold:   47         SH:  5    Dex: 14    Spells: 3/3 levels left

rFire    . . .     SeeInvis .   a - +0 rapier
rCold    . . .     Faith    .   c - +0 buckler
rNeg     . . .     Spirit   .   b - +0 scale mail
rPois    .         Reflect  .   (no helmet)
rElec    .         Harm     .   (no cloak)
rCorr    .         Rampage  .   (no gloves)
Will     .....                  (no boots)
Stlth    +.........             (no amulet)
HPRegen  0.09/turn              (no ring)
MPRegen  0.09/turn              (no ring)

@: mighty
A: small, no large weapons, nightstalker 3
a: no special abilities


You were on level 2 of the Dungeon.
You visited 1 branch of the dungeon, and saw 2 of its levels.

You collected 47 gold pieces.

Inventory:

Hand Weapons
 a - a +0 rapier (weapon)
Armour
 b - a +0 scale mail (worn)
 c - a +0 buckler (worn)
Scrolls
 f - a scroll of fear {unknown}
 h - a scroll of teleportation {unknown}
 j - a scroll of identify {unknown}
Potions
 e - a potion of curing
 g - a potion of mutation {unknown}
 i - a potion of magic {unknown}


   Skills:
 - Level 3.2 Fighting
 + Level 5.5 Short Blades
 - Level 2.4 Armour
 - Level 2.4 Shields


You had 3 spell levels left.
You didn't know any spells.
Your spell library was empty.

Dungeon Overview and Level Annotations

Branches:
Dungeon (2/15)

Altars:

Annotations:
D:2 Robin


Innate Abilities, Weirdness & Mutations

You are small and have problems with some larger weapons.
You are completely attuned to the shadows.


Message History

The goblin hits you with a +0 club.
* * * LOW HITPOINT WARNING * * *
You closely miss the goblin. The hobgoblin hits you.
* * * LOW HITPOINT WARNING * * *
You block the goblin's attack.
You closely miss the goblin. You block the hobgoblin's attack.
The goblin hits you with a +0 club.
* * * LOW HITPOINT WARNING * * *
Robin roars a battlecry!
The goblin goes into a battle-frenzy!
It was a potion of curing.
You feel better.
The hobgoblin hits you but does no damage.
You block the goblin's attack.
You feel very mighty all of a sudden. You block the hobgoblin's attack.
The goblin hits you but does no damage.
You puncture the goblin!
You kill the goblin!
The hobgoblin hits you but does no damage.
Robin throws the goblin at you!
You completely miss the hobgoblin. The hobgoblin closely misses you.
You block the goblin's attack.
You closely miss the goblin. The hobgoblin closely misses you.
The goblin hits you but does no damage.
You hit the goblin.
You kill the goblin!
The hobgoblin hits you.
* * * LOW HITPOINT WARNING * * *
You puncture the hobgoblin!
You kill the hobgoblin!
You puncture Robin!
Robin is almost dead.
Robin hits you with a +0 club.
* * * LOW HITPOINT WARNING * * *
You barely miss Robin.
Robin is almost dead.
Robin hits you but does no damage.
You hit Robin.
Robin is almost dead.
Robin hits you with a +0 club.
You die...

. ..
...#######
....)@g..###
...#####...##
.. ###.g## .
##..## ##..#
##.# #)###
##)g.#
g.g.#.###


You could see Robin.

Vanquished Creatures
  A gnoll (D:1)
  A dart slug (D:2)
  2 bats (D:1)
  An endoplasm (D:1)
  13 goblins
  3 hobgoblins
  3 jackals
  2 kobolds (D:1)
  A quokka (D:1)
  5 ball pythons
  5 frilled lizards
  A rat (D:1)
38 creatures vanquished.

Notes
Turn   | Place    | Note
-------+----------+-------------------------------------------
     0 | D:1      | fiver49 the Kobold Fighter began the quest for the Orb.
     0 | D:1      | Reached XP level 1. HP: 14/14 MP: 1/1
    71 | D:1      | Reached skill level 3 in Short Blades
   302 | D:1      | Reached XP level 2. HP: 17/19 MP: 2/2
   421 | D:1      | Reached skill level 4 in Short Blades
   721 | D:1      | Reached XP level 3. HP: 17/23 MP: 3/3
  1300 | D:2      | Reached skill level 5 in Short Blades
  1404 | D:2      | Found a faded altar of an unknown god.
  1493 | D:2      | Noticed Robin
  1519 | D:2      | Reached XP level 4. HP: 13/28 MP: 4/4
  1532 | D:2      | HP: 1/28 [goblin[Robin] (3)]
  1542 | D:2      | Slain by Robin

Illustrated notes

Levels and vault maps discovered:
D:1:      psy_arrival_radial01, layout_loops_ring
D:2:      layout_rooms, shapermc_ecumenical_altar_flowoftime, uniq_robin,
          uniq_sigmund

Skill      XL: |  1  2  3 |
---------------+----------+-----
Short Blades   | 3 4 5 |  5.5
Fighting       | |  3.2
Armour         | |  2.4
Shields        | |  2.4

Action                   |  1- 3 |  4- 6 || total
-------------------------+-------+-------++-------
Melee: Rapier            |   112 |    22 ||   134
  Use: Potion            |       |     2 ||     2
 Stab: Sleeping          |     1 |       ||     1
Armor: Scale mail        |    30 |    11 ||    41
Dodge: Dodged            |    51 |     9 ||    60
Block: Buckler           |    34 |    11 ||    45
